 Dungeon Crawl Stone Soup version 0.22-a0-448-g1fb7470 (webtiles) character file.

324 DrEnzyme the Chucker (level 6, -8/42 HPs)
             Began as an Octopode Wanderer on June 4, 2018.
             Killed by divine providence
             ... invoked by an orc priest
              (15 damage)
             ... on level 4 of the Dungeon.
             The game lasted 00:19:42 (5322 turns).

DrEnzyme the Chucker (Octopode Wanderer)            Turns: 5322, Time: 00:19:42

Health: -8/42      AC:  1    Str: 13    XL:     6   Next: 48%
Magic:  6/6        EV: 12    Int: 14    God:
Gold:   83         SH:  0    Dex: 12    Spells: 4/5 levels left

rFire    . . .     SeeInvis .   b - +0 blowgun
rCold    . . .     Gourm    .   (no shield)
rNeg     . . .     Faith    .   (helmet restricted)
rPois    .         Spirit   .   (no amulet)
rElec    .         Reflect  .   (no ring)
rCorr    .         Harm     .   (no ring)
MR       .....                  (no ring)
Stlth    +++.......             (no ring)
HPRegen  0.14/turn              (no ring)
MPRegen  0.10/turn              (no ring)
                                (no ring)
                                (no ring)

@: lethally poisoned (-8 -> -9)
A: almost no armour, stealthy swim, amphibious, 8 rings, constrict 8, camouflage
1, gelatinous body 1
a: no special abilities


You were on level 4 of the Dungeon.
You were hungry.

You visited 1 branch of the dungeon, and saw 4 of its levels.

You collected 83 gold pieces.

Inventory:

Hand Weapons
 a - a +2 mace
 b - a +0 blowgun (weapon)
 d - a +0 hand axe
 o - a +0 fustibalus
Missiles
 c - 33 poisoned needles (quivered)
 p - a poisoned tomahawk
Wands
 m - a wand of disintegration (12)
 q - a wand of random effects (33)
Scrolls
 h - 2 scrolls of remove curse
 r - 3 scrolls of identify
Potions
 e - a potion of resistance
 g - a potion of curing {unknown}
 i - a potion of brilliance {unknown}
 j - a potion of agility {unknown}
 k - a potion of haste {unknown}
 l - a potion of invisibility
 n - a potion of flight {unknown}
 t - 2 potions of cancellation {unknown}
Comestibles
 f - 10 rations


   Skills:
 - Level 3.5 Fighting
 - Level 2.0(2.1) Maces & Flails
   Level 1.0(1.6) Staves
 + Level 5.6 Throwing
 - Level 1.0 Dodging
 + Level 3.3 Stealth
   Level 1.0 Shields


You had 4 spell levels left.
You knew the following spells:

 Your Spells              Type           Power        Failure   Level  Hunger
a - Magic Dart            Conj           #...         28%         1    ##.....

Your spell library contained the following spells:

 Spells                   Type           Power        Failure   Level  Hunger
 Iskenderun's Mystic Bla  Conj           #.......     96%         4    #####..
 Fulminant Prism          Conj/Hex       #.........   96%         4    #####..
 Dazzling Spray           Conj/Hex       #.....       65%         3    ####...
 Force Lance              Conj/Tloc      #.......     96%         4    #####..
 Searing Ray              Conj           #.....       41%         2    ###....


Dungeon Overview and Level Annotations

Branches:
Dungeon (4/15)
 Temple: D:4-7

Altars:
Ashenzari
Gozag
Xom

Annotations:
D:4 exclusions: ogre and scorpion


Innate Abilities, Weirdness & Mutations

You cannot wear most types of armour.
You are very stealthy in the water. (Stealth+)
You are amphibious.
You can wear up to eight rings at the same time.
You can use your tentacles to constrict eight enemies at once.
Your skin changes colour to match your surroundings (Stealth+).
Your rubbery body absorbs attacks. (AC +1, EV +1)


Message History

You shoot a poisoned needle.
The poisoned needle hits the worker ant!
The worker ant is poisoned.
The worker ant is almost dead.
The orc shouts!
You feel sick.
You kill the worker ant!
The orc wizard begins to cast a cantrip, but forgets the words!
You feel sick.
Found a robe.
You feel sick. The orc hits you with a flail.
* * * LOW HITPOINT WARNING * * *
The orc wizard points at you and mumbles some strange words.
The magic dart hits you!
* * * LOW HITPOINT WARNING * * *
You feel sick.
The orc priest mumbles some strange prayers to Beogh against you.
Beogh smites you!
You die...

... ####### #........
......## ###........
######o###
##...........
##..####.............
###..#..............
##................
##..........(...[
#.(...@...(.....
#.....o.........
#...............
#..#............
##(##...........
##o##o.......##
##.##.....###
##.##o.### ##....#


You could see an orc priest, an orc wizard and an orc.

Vanquished Creatures
  2 orc priests (D:3)
  An orc wizard (D:4)
  2 worker ants (D:4)
  9 adders
  5 worms
  2 dart slugs (D:1)
  A leopard gecko (D:2)
  12 orcs
  10 bats
  7 giant cockroaches
  8 goblins
  7 hobgoblins
  2 jackals (D:1)
  3 quokkas
  3 frilled lizards
  7 kobolds
  A leopard gecko skeleton (D:4)
  7 rats
89 creatures vanquished.

Notes
Turn   | Place    | Note
-------+----------+-------------------------------------------
     0 | D:1      | DrEnzyme the Octopode Wanderer began the quest for the Orb.
     0 | D:1      | DrEnzyme set off with: a +2 mace, a +0 hand axe, 13 poisoned needles, a +0 blowgun, a ration
     0 | D:1      | Reached XP level 1. HP: 16/16 MP: 1/1
   127 | D:1      | Reached XP level 2. HP: 16/21 MP: 2/2
   538 | D:1      | Reached skill level 2 in Throwing
   538 | D:1      | Reached XP level 3. HP: 26/26 MP: 3/3
  1492 | D:2      | Reached skill level 3 in Throwing
  1492 | D:2      | Reached XP level 4. HP: 27/31 MP: 4/4
  2228 | D:2      | You fall through a shaft for 2 floors!
  2248 | D:4      | Reached XP level 5. HP: 36/36 MP: 5/5
  2323 | D:4      | Reached skill level 4 in Throwing
  2535 | D:3      | Learned a level 1 spell: Magic Dart
  2544 | D:3      | Found a shattered altar of Ashenzari.
  2725 | D:4      | Noticed an ogre
  3107 | D:4      | Found an opulent altar of Gozag.
  3270 | D:3      | Noticed an orc warrior
  3321 | D:3      | Found a shimmering altar of Xom.
  4034 | D:3      | Reached skill level 5 in Throwing
  4231 | D:3      | Reached XP level 6. HP: 42/42 MP: 6/6
  4380 | D:3      | Found a burning altar of Makhleb.
  4382 | D:3      | Found a sparkling altar of Nemelex Xobeh.
  4382 | D:3      | Found a shimmering altar of Xom.
  4384 | D:3      | Found a shadowy altar of Dithmenos.
  4384 | D:3      | Found an ancient bone altar of Kikubaaqudgha.
  4384 | D:3      | Found a bloodstained altar of Trog.
  5322 | D:4      | Killed from afar by an orc priest

Vault maps used:
D:1:      scummos_arrival_hexagon
D:3:      xom_butterflies, overflow_temple_1_default, doesnt_xom_only_xom
D:4:      grunt_gozag_breadcrumbs, serial_shops, kennysheep_little_box,
          corexii_leaking_fountain, minmay_fountain_box

Skill      XL: |  1  2  3  4  5 |
---------------+----------------+-----
Throwing       | 2 3 5 |  5.6
Stealth        | 2 3 |  3.3
Fighting       | |  3.5
Maces & Flails | |  2.0
Staves         | |  1.0
Dodging        | |  1.0
Shields        | |  1.0

Action                   |  1- 3 |  4- 6 || total
-------------------------+-------+-------++-------
Melee: Mace              |    11 |    52 ||    63
       Constrict         |     3 |    14 ||    17
       Tentacles         |     1 |     1 ||     2
 Fire: Blowgun           |    85 |   125 ||   210
  Use: Potion            |     2 |       ||     2
       Scroll            |       |     6 ||     6
 Stab: Sleeping          |       |     2 ||     2
  Eat: Chunk             |     1 |     8 ||     9
       Ration            |       |     1 ||     1
Armor: Skin              |     8 |    20 ||    28
Dodge: Dodged            |    34 |    70 ||   104

Table legend:
 A = Spawn XP
 B = Non-spawn XP
 C = Spawn XP percentage of total XP
 D = Spawn monster count
 E = Non-spawn monster count
 F = Spawn count percentage of total count
 G = Total turns spent on level
                    A         B        C        D         E        F      G
               +---------+---------+-------+---------+---------+-------+---------
         Total |       0 |     464 |   0.0 |       0 |      89 |   0.0 |  5322
               +---------+---------+-------+---------+---------+-------+---------
           D:1 |       0 |      55 |   0.0 |       0 |      30 |   0.0 |   966
           D:2 |       0 |      77 |   0.0 |       0 |      17 |   0.0 |  1474
           D:3 |       0 |     208 |   0.0 |       0 |      31 |   0.0 |  1852
           D:4 |       0 |     124 |   0.0 |       0 |      11 |   0.0 |  1030
               +---------+---------+-------+---------+---------+-------+---------
